 Dungeon Crawl Stone Soup version 0.22-a0-866-geee5034 (webtiles) character file.

2978 jjfam the Fighter (level 9, 0/84 HPs)
             Began as a Hill Orc Fighter on July 28, 2018.
             Slain by an unseen horror (2 damage)
             ... on level 10 of the Dungeon.
             The game lasted 00:23:05 (9841 turns).

jjfam the Fighter (Hill Orc Fighter)                Turns: 9841, Time: 00:23:06

Health: 0/84       AC: 11    Str: 22    XL:     9   Next: 82%
Magic:  9/9        EV:  8    Int:  8    God:
Gold:   168        SH: 11    Dex: 10    Spells: 8/8 levels left

rFire    + + .     SeeInvis +   a - +0 war axe
rCold    . . .     Gourm    .   v - +0 shield
rNeg     . . .     Faith    .   b - +0 scale mail
rPois    .         Spirit   .   F - +1 hat {SInv}
rElec    .         Reflect  .   (no cloak)
rCorr    .         Harm     .   i - +0 pair of gloves
MR       .....                  r - +0 pair of boots
Stlth    ..........             y - amulet of magic regeneration
HPRegen  0.24/turn              C - ring of protection from fire
MPRegen  0.36/turn              (no ring)

@: no status effects
A: antennae 1, hooves 1, blink, fire resistance 1
a: Blink


You were on level 10 of the Dungeon.
You were very hungry.

You visited 1 branch of the dungeon, and saw 9 of its levels.
You also visited: Ossuary.

You collected 343 gold pieces.
You spent 175 gold pieces at shops.

Inventory:

Hand Weapons
 a - a +0 war axe (weapon)
Armour
 b - a +0 scale mail (worn)
 i - a +0 pair of gloves (worn)
 r - a +0 pair of boots (worn)
 v - a +0 shield (worn)
 F - a +1 hat of see invisible (worn)
Jewellery
 y - an amulet of magic regeneration (around neck)
 C - a ring of protection from fire (left hand)
 H - a cursed amulet of inaccuracy {unknown}
Wands
 I - a wand of polymorph (20)
Scrolls
 c - 2 scrolls of random uselessness
 g - 3 scrolls of amnesia
 h - 3 scrolls of teleportation
 j - 11 scrolls of identify
 k - 8 scrolls of enchant weapon
 n - 8 scrolls of remove curse
 o - a scroll of fear
 q - 4 scrolls of enchant armour
 t - a scroll of blinking
 u - a scroll of immolation {unknown}
 w - 2 scrolls of fog {unknown}
 E - a scroll of summoning {unknown}
Potions
 d - 2 potions of degeneration {unknown}
 m - 9 potions of curing
 p - 2 potions of cancellation {unknown}
 s - a potion of invisibility
 x - 2 potions of heal wounds {unknown}
 z - 2 potions of flight {unknown}
 A - 3 potions of mutation
 B - a potion of might
 D - a potion of agility {unknown}
 G - a potion of magic {unknown}
Comestibles
 f - 7 rations


   Skills:
 * Level 9.6 Fighting
 + Level 8.6 Axes
 + Level 7.8 Armour
 + Level 7.8 Shields


You had 8 spell levels left.
You didn't know any spells.
Your spell library was empty.

Dungeon Overview and Level Annotations

Branches:
Dungeon (8/15)             Temple (0/1) D:4            Lair (0/6) D:10

Altars:
Elyvilon
Gozag
Vehumet
The Shining One

Shops:
D:4 %   D:6 [


Innate Abilities, Weirdness & Mutations

You have a pair of small antennae on your head.
You have large cloven feet.
You can translocate small distances at will.
Your flesh is heat resistant. (rF+)


Message History

The yak is almost dead.
You block the unseen horror's attack. You block the yak's attack.
You slash the yak!
You kill the yak!
You hit the unseen horror but do no damage.
The unseen horror barely misses you. The unseen horror hits you.
* * * LOW HITPOINT WARNING * * *
The unseen horror closely misses you.
The unseen horror hits you but does no damage.
The unseen horror completely misses you.
You slash the unseen horror!
The unseen horror is heavily wounded.
The unseen horror hits you but does no damage.
The unseen horror hits you but does no damage.
It was a potion of mutation.
You feel extremely strange. A pair of antennae grows on your head!
You feel resistant to heat.
Your feet thicken and deform.
You feel jittery. The unseen horror hits you.
You die... .%P.PPP.P#* *,,,,,**,* *,* *,,, .PPP.P.P.* *,,,,,**,# *,* ***, YPPPPP.P#* *,,,,,**.##*,* *, PPPPP...#

*##+####..**,* *, ........#
#.$....#,**,* *, P..PP:..#
#......#,,*,* *, ?.P...#.#
#......#*,*,******,
........#######......#*,*,,,,,,,,
................@x...#*,,,,,,,,,,
......#########......#**,,,,,,,,,
......# #......# *,,,,,,,,,
####.## #......# *,,,,,,,,, #.#
#......# *,,,,,,,,, #.# #......#
*,,,,,,,,, #.# ########
**,,,,,,,, **#.#** *>,,,,,,,
*,...,** *,,,,,,,,


You could see an unseen horror (invisible).

Vanquished Creatures
  Joseph (D:7)
  Sigmund (D:3)
  A yak (D:10)
  Duvessa (D:5)
  2 ice beasts
  2 orc warriors
  A sky beast (D:7)
  An ogre (D:7)
  2 centaurs
  2 crocodiles (D:10)
  2 bullfrogs
  Dowan (D:5)
  A scorpion (D:4)
  2 howler monkeys
  3 centaur zombies (Ossuary)
  2 crimson imps
  2 human zombies (Ossuary)
  A hound (D:5)
  An orc priest (D:10)
  2 gnoll shamans
  An iguana (D:5)
  3 worker ants
  2 orc wizards
  A statue (D:4)
  2 ogre zombies (Ossuary)
  A hound skeleton (D:6)
  7 mummies (Ossuary)
  12 gnolls
  15 adders
  2 shadow imps
  3 adder skeletons
  An adder zombie (Ossuary)
  A worm (D:3)
  5 dart slugs
  4 leopard geckos
  22 orcs
  11 bats
  A giant cockroach (D:5)
  8 goblins
  9 hobgoblins
  5 jackals
  11 kobolds
  A quokka (D:2)
  2 ball pythons (D:1)
  6 frilled lizards
  5 goblin zombies (Ossuary)
  2 hobgoblin zombies (Ossuary)
  A jackal skeleton (D:4)
  A jackal zombie (D:5)
  4 kobold zombies (Ossuary)
  A leopard gecko skeleton (D:3)
  A leopard gecko zombie (D:7)
  A quokka skeleton (D:4)
  4 quokka zombies (Ossuary)
  7 rats
  7 rat zombies (Ossuary)
201 creatures vanquished.

Vanquished Creatures (others)
  8 fungi
8 creatures vanquished.

Grand Total: 209 creatures vanquished

Notes
Turn   | Place    | Note
-------+----------+-------------------------------------------
     0 | D:1      | jjfam the Hill Orc Fighter began the quest for the Orb.
     0 | D:1      | Reached XP level 1. HP: 19/19 MP: 1/1
   216 | D:1      | Reached XP level 2. HP: 27/27 MP: 2/2
   392 | D:1      | Reached XP level 3. HP: 23/33 MP: 3/3
   573 | D:1      | Reached skill level 4 in Fighting
  1075 | D:2      | Reached XP level 4. HP: 21/40 MP: 4/4
  2334 | D:3      | Reached XP level 5. HP: 33/47 MP: 5/5
  2561 | D:3      | Noticed Sigmund
  2577 | D:3      | Killed Sigmund
  2577 | D:3      | Reached skill level 5 in Fighting
  2577 | D:3      | Reached XP level 6. HP: 10/56 MP: 6/6
  3066 | D:3      | Reached skill level 5 in Armour
  3683 | D:4      | Found a white marble altar of Elyvilon.
  3716 | D:4      | Found Quecutodgh's Food Shoppe.
  3749 | D:4      | Reached skill level 5 in Shields
  3761 | D:4      | Reached skill level 5 in Axes
  3822 | D:4      | Reached XP level 7. HP: 26/61 MP: 7/7
  3974 | D:4      | Found a sand-covered staircase.
  3982 | Ossuary  | Entered an ossuary
  4741 | Ossuary  | Reached skill level 6 in Fighting
  4951 | D:4      | Reached XP level 8. HP: 51/70 MP: 8/8
  4962 | D:4      | Found a staircase to the Ecumenical Temple.
  5306 | D:4      | Found a radiant altar of Vehumet.
  5894 | D:5      | Entered Level 5 of the Dungeon
  5942 | D:5      | Noticed Duvessa
  5959 | D:5      | Noticed Dowan
  5960 | D:5      | Killed Duvessa
  5968 | D:5      | Killed Dowan
  6577 | D:5      | Reached skill level 7 in Fighting
  7002 | D:6      | Found Hucapluxe's Antique Armour Shop.
  7019 | D:6      | Bought a glowing hat for 175 gold pieces
  7296 | D:6      | Found an opulent altar of Gozag.
  7327 | D:6      | Reached XP level 9. HP: 81/81 MP: 9/9
  7521 | D:6      | Reached skill level 8 in Fighting
  8439 | D:7      | Noticed Joseph
  8439 | D:7      | Paralysed by Joseph for 5 turns
  8506 | D:7      | Paralysed by Joseph for 3 turns
  8529 | D:7      | HP: 1/81 [Joseph/uncursed quarterstaff (7)]
  8532 | D:7      | Killed Joseph
  9173 | D:7      | Reached skill level 9 in Fighting
  9632 | D:8      | Found a glowing golden altar of the Shining One.
  9743 | D:7      | You fall through a shaft for 3 floors!
  9743 | D:10     | Entered Level 10 of the Dungeon
  9744 | D:10     | Noticed a two-headed ogre
  9746 | D:10     | Noticed a two-headed ogre
  9770 | D:10     | Noticed an unseen horror
  9836 | D:10     | HP: 1/84 [unseen horror (6)]
  9841 | D:10     | Gained mutation: You have a pair of small antennae on your head. [potion of mutation]
  9841 | D:10     | Gained mutation: Your flesh is heat resistant. (rF+) [potion of mutation]
  9841 | D:10     | Gained mutation: You have large cloven feet. [potion of mutation]
  9841 | D:10     | Gained mutation: You can translocate small distances at will. [potion of mutation]
  9841 | D:10     | Slain by an unseen horror

Vault maps used:
D:1:      nzn_arrival_settlement, st_stairs_5
D:2:      serial_glass, glass_columns_a, glass_columns_b, minmay_octomino_c4
D:3:      wad_river_or_something, uniq_sigmund
D:4:      vehumet_statue, elyvilon_altar_1, minmay_temple_entry_junction,
          serial_shops, shop, enter_ossuary_1, first_ration, st_stairs_6
D:5:      minmay_misc_feat_diagonals, kennysheep_potato, uniq_duvessa
D:6:      serial_aquarium, aquarium_bridge_square, aquarium_window_corridor_1,
          aquarium_window_1, aquarium_window_1, aquarium_view_2b,
          aquarium_balcony_1b, basic_altar, serial_shops, shop_statue
D:7:      uniq_joseph
D:8:      grunt_dithmenos_shadows, kiku_gazebo_garden_becter,
          nicolae_ru_sacrificial_ziggurat, nicolae_overflow_hidden_temple,
          david_nohive_1, worms_lemuel
D:10:     due_lair_maze_entry_diamond, basic_altar
Ossuary:  ossuary_boxes_badplayer

Skill      XL: |  1  2  3  4  5  6  7  8  9 |
---------------+----------------------------+-----
Axes           | 3 4 5 6 7 8 |  8.6
Armour         | 4 5 6 7 |  7.8
Fighting       | 4 5 6 7 9 |  9.6
Shields        | 4 5 6 7 |  7.8

Action                   |  1- 3 |  4- 6 |  7- 9 || total
-------------------------+-------+-------+-------++-------
Melee: War axe           |   109 |   141 |   536 ||   786
  Use: Scroll            |       |     4 |     8 ||    12
       Potion            |       |       |     4 ||     4
  Eat: Chunk             |     1 |     4 |    13 ||    18
       Ration            |       |     2 |     1 ||     3
Armor: Scale mail        |    48 |    65 |   208 ||   321
Dodge: Dodged            |    40 |    37 |   154 ||   231
Block: Shield            |    57 |    87 |   274 ||   418

Table legend:
 A = Spawn XP
 B = Non-spawn XP
 C = Spawn XP percentage of total XP
 D = Spawn monster count
 E = Non-spawn monster count
 F = Spawn count percentage of total count
 G = Total turns spent on level
                    A         B        C        D         E        F      G
               +---------+---------+-------+---------+---------+-------+---------
         Total |       0 |    4255 |   0.0 |       0 |     201 |   0.0 |  9841
               +---------+---------+-------+---------+---------+-------+---------
           D:1 |       0 |      58 |   0.0 |       0 |      32 |   0.0 |   875
           D:2 |       0 |      94 |   0.0 |       0 |      22 |   0.0 |  1084
           D:3 |       0 |     348 |   0.0 |       0 |      27 |   0.0 |  1706
           D:4 |       0 |     396 |   0.0 |       0 |      24 |   0.0 |  1334
           D:5 |       0 |     594 |   0.0 |       0 |      24 |   0.0 |  1061
           D:6 |       0 |     579 |   0.0 |       0 |      17 |   0.0 |  1332
           D:7 |       0 |    1189 |   0.0 |       0 |      12 |   0.0 |  1339
           D:8 |       0 |      12 |   0.0 |       0 |       1 |   0.0 |   117
          D:10 |       0 |     543 |   0.0 |       0 |       5 |   0.0 |    98
       Ossuary |       0 |     442 |   0.0 |       0 |      37 |   0.0 |   895
               +---------+---------+-------+---------+---------+-------+---------
